 Seeded DCSS version 0.30-a0-540-g0af01429fa (webtiles) character file.

Game seed: 7699610741405272615 (custom seed)

30 purpskrrrp the Shooter (level 3, -1/20 HPs)
             Began as a Deep Elf Hunter on Dec 25, 2022.
             Succumbed to a kobold's poison
             ... on level 1 of the Dungeon.
             The game lasted 00:02:00 (268 turns).

purpskrrrp the Shooter (Deep Elf Hunter)             Turns: 268, Time: 00:02:01

Health: -1/20      AC:  5    Str:  8    XL:     3   Next: 5%
Magic:  5/5        EV: 10    Int: 13    God:
Gold:   28         SH:  0    Dex: 20    Spells: 2/2 levels left

rFire   + . .      SeeInvis .    a - +0 shortbow
rCold   . . .      Faith    .    (shield currently unavailable)
rNeg    . . .      Spirit   .    g - +0 ring mail {rF+}
rPois   .          Reflect  .    (no helmet)
rElec   .          Harm     .    f - scarf {repulsion}
rCorr   .          Rampage  .    (no gloves)
Will    .....                    (no boots)
Stlth   +                        (no amulet)
HPRegen 0.23/turn                (no ring)
MPRegen 0.09/turn                (no ring)

@: brilliant, lethally poisoned (-1 -> -8), repel missiles
A: no striking features
a: no special abilities


You were on level 1 of the Dungeon.
You visited 1 branch of the dungeon, and saw 1 of its levels.

You collected 28 gold pieces.

Inventory:

Hand Weapons
 a - a +0 shortbow (weapon)
Armour
 c - a +0 leather armour
 f - a scarf of repulsion (worn)
 g - a +0 ring mail of fire resistance (worn)
Scrolls
 b - 2 scrolls of immolation


   Skills:
 - Level 1.5 Fighting
 + Level 6.6 Ranged Weapons
 - Level 2.4 Dodging
 - Level 1.2 Stealth


You had 2 spell levels left.
You didn't know any spells.
Your spell library contained the following spells:

 Spells                   Type           Power      Damage    Failure   Level
 Shock                    Conj/Air       0%         1d3       67%         1
 Swiftness                Air            0%         N/A       96%         3
 Airstrike                Air            0%         2d(0-16)  100%        4


Dungeon Overview and Level Annotations

Branches:
Dungeon (1/15)

Altars:


Message History

The kobold barely misses you.
You shoot an arrow. The arrow completely misses the kobold.
You feel very sick.
The kobold hits you with a +2 whip of venom.
The kobold barely misses you.
You are too injured to fight recklessly!
You are too injured to fight recklessly!
You are too injured to fight recklessly!
It was a potion of brilliance.
You feel clever all of a sudden.
You feel sick. The kobold barely misses you.
It was a potion of curing.
You feel better.
The kobold hits you with a +2 whip of venom.
Okay, then.
The air fills with toxic fumes!
As you read the scroll labelled TOVISTRO PUUREJU, it crumbles to dust.
It was a scroll of poison.
The kobold barely misses you.
As you read the scroll labelled BUEXYE SODUATO, it crumbles to dust.
You hear a loud clanging noise!
It was a scroll of noise.
You hear a shout!
You hear an angry hiss.
The kobold closely misses you.
As you read the scroll labelled LURPHOIJ GUOMER, it crumbles to dust.
Your body is wracked with pain!
It was a scroll of torment.
The kobold hits you with a +2 whip of venom.
* * * LOW HITPOINT WARNING * * *
You are lethally poisoned!
As you read the scroll labelled NOJOGR VAXKO, it crumbles to dust.
The scroll dissolves into smoke.
It was a scroll of fog.
* * * LOW HITPOINT WARNING * * *
You feel very sick. The kobold hits you but does no damage.
Okay, then.
You aren't carrying any potions.
Fire: a) +0 shortbow
Press: ? - help, Shift-Dir - straight line, f/p - kobold
Aim: a kobold, wielding a +2 whip of venom (purple smoke, moderately wounded, 59% to hit)
You shoot an arrow. The arrow hits the kobold!
You kill the kobold!
You die...

.##..........###.#
##§§§§§§§§§# .#
#§§§§§§§§§ ...##
#§§§§§§§§§# #....
#§§§§§§§§§# #####
##§§§§§§§§§# #
§####§§§§§§§§§§# #
§§§§§§§§§§§§§§§# #
#§@§§§§§§§# #
#§§§§§§§§§#########
##§§§§§§§§.......##
#§§§§§§§#######...
###§§§§##§##########
...§§§§§§..§.........
#######§##.##########
#§§#.# # ##.... #


There were no monsters in sight!

Vanquished Creatures
  A gnoll (D:1)
  A bat (D:1)
  A giant cockroach (D:1)
  4 goblins (D:1)
  A hobgoblin (D:1)
  A quokka (D:1)
  4 ball pythons (D:1)
  2 frilled lizards (D:1)
  3 kobolds (D:1)
  2 rats (D:1)
20 creatures vanquished.

Notes
Turn   | Place    | Note
-------+----------+-------------------------------------------
     0 | D:1      | purpskrrrp the Deep Elf Hunter began the quest for the Orb.
     0 | D:1      | Reached XP level 1. HP: 12/12 MP: 3/3
    40 | D:1      | Reached skill level 6 in Ranged Weapons
    40 | D:1      | Reached XP level 2. HP: 16/16 MP: 4/4
   232 | D:1      | Reached XP level 3. HP: 16/20 MP: 5/5
   267 | D:1      | HP: 1/20 [poisoned by a kobold]
   268 | D:1      | Succumbed to a kobold's poison

Illustrated notes

Levels and vault maps discovered:
D:1:      mushboom_english_gardens, layout_rooms

Skill      XL: |  1 |
---------------+----+-----
Ranged Weapons | 6 |  6.6
Fighting       | |  1.5
Dodging        | |  2.4
Stealth        | |  1.2

Action                   || total
-------------------------++-------
 Fire: Shortbow          ||    50
  Use: Scroll            ||     4
       Potion            ||     2
Armor: Leather armour    ||     3
       Ring mail         ||    11
Dodge: Dodged            ||    13

Table legend: (Time is in decaauts)
 A = Elapsed time spent in this place.
 B = Non-inter-level travel time spent in this place.
 C = Inter-level travel time spent in this place.
 D = Time resting spent in this place.
 E = Time spent auto-exploring this place.
 F = Levels seen in this place.
 G = Mean time per level.
                   A        B        C        D        E       F      G
               +--------+--------+--------+--------+--------+-----+--------+
         Total |    283 |    283 |      0 |      0 |    162 |   1 |  283.0 |
       Dungeon |    283 |    283 |      0 |      0 |    162 |   1 |  283.0 |
               +--------+--------+--------+--------+--------+-----+--------+

Top non-repeatable levels by time:
     D:1: 283 daAuts
